 Dungeon Crawl Stone Soup version 0.32-a0-391-gce5c0aab1b (webtiles) character file.

Game seed: 7665460767808070626

39 n00bmints the Cudgeller (level 3, -1/10 HPs)
             Began as a Minotaur Berserker on Feb 19, 2024.
             Was a Follower of Trog.
             Slain by a quokka (4 damage)
             ... on level 1 of the Dungeon.
             The game lasted 00:01:25 (234 turns).

n00bmints the Cudgeller (Minotaur Berserker)         Turns: 234, Time: 00:01:26

Health: -1/10      AC:  0    Str: 23    XL:     3   Next: 28%
Magic:  2/2        EV: 16    Int:  4    God:    Trog [*.....]
Gold:   0          SH:  0    Dex:  9    Spells: 2/2 levels left

rFire   . . .        a - melded +0 mace
rCold   . . .        (shield currently unavailable)
rNeg    . . .        c - melded +0 ring mail
rPois   .            (helmet restricted)
rElec   .            (no cloak)
rCorr   .            (no gloves)
SInv    .            (no boots)
Will    .....        (no amulet)
Stlth   +            (no ring)
HPRegen 0.21/turn    (no ring)
MPRegen 0.08/turn

%: no passive effects
@: flux-form, glowing
A: glow, contaminating, reduced hp, horns 2, retaliatory headbutt
a: Begin Untransformation, Renounce Religion, Berserk


You were on level 1 of the Dungeon.
You worshipped Trog.
Trog was aware of your devotion.
You were something dangerously unstable.
You visited 1 branch of the dungeon, and saw 1 of its levels.

Inventory:

Hand Weapons
 a - a +0 mace (melded)
Armour
 c - a +0 ring mail (melded)
Talismans
 d - a flux talisman (active)
Potions
 b - a potion of invisibility {unknown}
 e - a potion of might {unknown}


   Skills:
 + Level 4.3 Fighting
 + Level 4.4 Maces & Flails
 + Level 2.8 Armour
 + Level 2.4 Dodging


You had 2 spell levels left.
You didn't know any spells.
Your spell library was empty.

Dungeon Overview and Level Annotations

Branches:
Dungeon (1/15)

Altars:


Innate Abilities, Weirdness & Mutations

You are something dangerously unstable.
You glow with magical radiation, making you easy to see and hit.
Foes you strike become dangerously contaminated with magical radiation.
Your maximum health is decreased, since you lack skill for your form.
You are incapable of wielding weapons or throwing items.
You have a pair of horns on your head.
You reflexively headbutt those who attack you in melee.


Message History

A frilled lizard comes into view.
There are monsters nearby!
A bat comes into view.
Found 15 gold pieces.
The frilled lizard hisses angrily.
Found a stone staircase leading down.
The bat hits you.
The kobold throws a stone.
The stone closely misses you.
You hit the bat.
The bat begins to glow.
The bat is moderately wounded.
The bat hits you.
A quokka comes into view.
You hit the frilled lizard.
You kill the frilled lizard!
Trog accepts your kill. The bat misses you.
You barely miss the bat.
The bat is moderately wounded.
The bat hits you. The kobold completely misses you. You furiously retaliate!
You headbutt the kobold!
You kill the kobold!
Trog accepts your kill. The bat completely misses you. The bat hits you.
Things that are here:
a +0 club; 2 stones; a kobold corpse You barely miss the bat.
The bat is moderately wounded.
The bat misses you. You furiously retaliate!
You headbutt the bat.
You kill the bat!
Trog accepts your kill.
You hit the quokka.
The quokka begins to glow.
The quokka is heavily wounded.
The quokka closely misses you.
You hit the quokka.
The quokka glows dangerously bright.
The quokka is severely wounded.
The quokka twitches its whiskers.
The quokka bites you.
Ouch! That really hurt!
* * * LOW HITPOINT WARNING * * *
The quokka bites you.
You die...

#. ### ### #. >.
..#.##### #. # ..
#.#.##.. ###.
#.#$##.#[##.########...
##......)....)†.........
........#.##.######.#...
#....#.##.# #.####
#..rp..##.# #.....
#####.###.# ######
#.[....# #..##### #...
## #.## ##. #. #.. ..
#.≈ ### #.≈


You could see a quokka (heavy contam).

Vanquished Creatures
  2 ball pythons (D:1)
  3 bats (D:1)
  3 endoplasms (D:1)
  6 jackals (D:1)
  A quokka (D:1)
  2 frilled lizards (D:1)
  A goblin (D:1)
  2 kobolds (D:1)
  2 rats (D:1)
22 creatures vanquished.

Notes
Turn   | Place    | Note
-------+----------+-------------------------------------------
     0 | D:1      | n00bmints the Minotaur Berserker began the quest for the
                  | Orb.
     0 | D:1      | Reached XP level 1. HP: 19/19 MP: 0/0
    57 | D:1      | Reached XP level 2. HP: 27/27 MP: 1/1
   170 | D:1      | Reached XP level 3. HP: 32/33 MP: 2/2
   234 | D:1      | Slain by a quokka

Illustrated notes

Levels and vault maps discovered:
D:1:      dpeg_arrival_pits, layout_basic, ebering_ecumenical_altar_hall

Skill      XL: |  1  2 |
---------------+-------+-----
Maces & Flails | 4 |  4.4
Fighting       | 4 |  4.3
Armour         | |  2.8
Dodging        | |  2.4

Action                     || total
---------------------------++-------
  Melee: Mace              ||    26
         Headbutt          ||     3
         Unarmed           ||    15
 Armour: Animal skin       ||     3
         Ring mail         ||    22
         Skin              ||     8
  Dodge: Dodged            ||    37
   Form: Flux              ||     1

Table legend: (Time is in decaauts)
 A = Elapsed time spent in this place.
 B = Non-inter-level travel time spent in this place.
 C = Inter-level travel time spent in this place.
 D = Time resting spent in this place.
 E = Time spent auto-exploring this place.
 F = Levels seen in this place.
 G = Mean time per level.
                   A        B        C        D        E       F      G
               +--------+--------+--------+--------+--------+-----+--------+
         Total |    239 |    235 |      4 |      0 |    130 |   1 |  239.0 |
       Dungeon |    239 |    235 |      4 |      0 |    130 |   1 |  239.0 |
               +--------+--------+--------+--------+--------+-----+--------+

Top non-repeatable levels by time:
     D:1: 239 daAuts
